 Dungeon Crawl Stone Soup version 0.28.0 (webtiles) character file.

Game seed: 10242156334800320757

77 jfcaron the Caller (level 4, -2/30 HPs)
             Began as a Barachi Summoner on Feb 16, 2022.
             Killed by nerve-wracking pain
             ... invoked by Grinder
              (10 damage)
             ... on level 2 of the Dungeon.
             The game lasted 00:06:44 (2832 turns).

jfcaron the Caller (Barachi Summoner)               Turns: 2832, Time: 00:06:44

Health: -2/30      AC:  5    Str: 12    XL:     4   Next: 33%
Magic:  6/9        EV: 10    Int: 15    God:
Gold:   37         SH:  0    Dex: 12    Spells: 0/9 levels left

rFire   . . .      SeeInvis .   a - +2 mace (protect)
rCold   . . .      Faith    .   (no shield)
rNeg    . . .      Spirit   .   k - +0 ring mail
rPois   .          Reflect  .   (no helmet)
rElec   .          Harm     .   (no cloak)
rCorr   .          Rampage  .   (no gloves)
Will    .....                   (no boots)
Stlth   +.........              (no amulet)
HPRegen 0.10/turn               (no ring)
MPRegen 0.11/turn               (no ring)

@: slow
A: amphibious, slowness 1, strong legs 1, +LOS
a: Hop


You were on level 2 of the Dungeon.
You visited 1 branch of the dungeon, and saw 3 of its levels.

You collected 37 gold pieces.

Inventory:

Hand Weapons
 a - a +2 mace of protection (weapon)
 b - a +1 hunting sling of freezing
 j - a +0 dagger
 p - a +0 spear
Missiles
 h - 21 sling bullets
 m - 121 stones
Armour
 k - a +0 ring mail (worn)
 l - a +0 robe
Scrolls
 c - a scroll of noise {unknown}
 f - a scroll of fog {unknown}
 g - a scroll of amnesia {unknown}
 n - a scroll of immolation {unknown}
 o - 2 scrolls of vulnerability {unknown}
Potions
 d - a potion of curing
 e - a potion of lignification {unknown}
 i - a potion of mutation {unknown}


   Skills:
 + Level 1.6 Armour
 - Level 2.1 Dodging
 - Level 1.7 Stealth
 + Level 3.3 Spellcasting
 + Level 5.7 Summonings


You couldn't memorise any spells.
You knew the following spells:

 Your Spells              Type           Power      Damage    Failure   Level
a - Summon Small Mammal   Summ           76%        N/A       4%          1
b - Call Imp              Summ           19%        N/A       6%          2
c - Call Canine Familiar  Summ           19%        N/A       12%         3
d - Summon Guardian Gole  Hex/Summ       11%        N/A       36%         3

Your spell library contained the following spells:

 Spells                   Type           Power      Damage    Failure   Level
 Summon Lightning Spire   Summ/Air       11%        N/A       78%         4


Dungeon Overview and Level Annotations

Branches:
Dungeon (3/15)

Altars:

Annotations:
D:1 ring behind glass walls
D:2 Grinder


Innate Abilities, Weirdness & Mutations

You are amphibious.
You cover ground slowly.
You can hop short distances.
You have an extended range of vision and can be seen from far away.


Message History

Your quokka dies!
Your quokka's corpse disappears in a puff of smoke!
Unknown command.
There is a stone staircase leading up here.
Grinder gestures at you. Pain shoots through your body!
You climb upwards.
There is a stone staircase leading down here.
You start resting.
Magic restored.
You start resting.
HP restored.
You start resting.
Magic restored.
You climb downwards.
Level annotation: Grinder Grinder hits you but does no damage.
There is a stone staircase leading up here.
Grinder hits you.
You writhe in agony.
You climb upwards.
There is a stone staircase leading down here.
Casting: Summon Small Mammal (safe; 4% risk of failure)
Confirm with . or Enter, or press ? or * to list all spells.
A beastly little devil appears in a puff of frigid air.
Grinder gestures at you. Pain shoots through your body!
Unknown command.
Casting: Call Imp (safe; 6% risk of failure)
Confirm with . or Enter, or press ? or * to list all spells.
Grinder hits you!
* * * LOW HITPOINT WARNING * * *
You writhe in agony.
* * * LOW HITPOINT WARNING * * *
Your white imp gestures at Grinder.
The puff of frost hits Grinder.
Grinder resists.
You aren't carrying any items that you can evoke.
It was a potion of curing.
You feel better. Grinder gestures at you. Pain shoots through your body!
You die...

............#.#####.###.#####.#
####.########.#......##.......#
##.########.#.###..###.###.##
###.................<####.#..#
....#########..........).....#
.....# #.....##.####....####
####.# #.5.r.##.......#.#...
#.# #....5.............## #.#
#...@.#>#####..#.### #.#
#.....#.# #..#.# #.# #.#.###.#
#..#.# #.# #.#.#
#.#####..#.#### # #.##### #.#.#
#........)..... ## #.....#
#.#.# ###...#..######
.#######.# #.#.# ##.###...# #
..# #.# #.#.###.## ##..## ##
.#######.# #.#.##.## ##..# #.


You could see Grinder (ally target), a friendly white imp (summoned) and a
friendly quokka (summoned).

Vanquished Creatures
  An orc priest (D:3)
  2 dart slugs
  2 orcs (D:3)
  A ball python (D:1)
  4 bats (D:1)
  5 endoplasms
  2 giant cockroaches (D:2)
  4 goblins
  3 hobgoblins (D:1)
  2 jackals (D:1)
  2 quokkas (D:1)
  3 frilled lizards (D:1)
  4 kobolds
  A rat (D:1)
36 creatures vanquished.

Notes
Turn   | Place    | Note
-------+----------+-------------------------------------------
     0 | D:1      | jfcaron the Barachi Summoner began the quest for the Orb.
     0 | D:1      | Reached XP level 1. HP: 13/13 MP: 3/3
   111 | D:1      | Reached skill level 5 in Summonings
   277 | D:1      | Reached XP level 2. HP: 14/19 MP: 2/5
   281 | D:1      | Learned a level 2 spell: Call Imp
  1064 | D:1      | Found a faded altar of an unknown god.
  1077 | D:1      | Reached XP level 3. HP: 15/24 MP: 0/7
  1216 | D:1      | Learned a level 3 spell: Call Canine Familiar
  2487 | D:3      | Reached skill level 1 in Armour
  2502 | D:3      | Reached XP level 4. HP: 8/30 MP: 9/9
  2726 | D:3      | Learned a level 3 spell: Summon Guardian Golem
  2745 | D:3      | Noticed Grinder
  2746 | D:3      | Paralysed by Grinder for 2 turns
  2831 | D:2      | HP: 4/30 [Grinder (7)]
  2832 | D:2      | Killed from afar by Grinder

Illustrated notes

Levels and vault maps discovered:
D:1:      kennysheep_arrival_forest, layout_basic,
          hellmonk_ecumenical_altar_zigzags, hex_intersection,
          chequers_serial_rivers_large_a, st_stairs_1, minivault_4,
          item_on_display_a
D:2:      layout_loops_ring
D:3:      layout_loops_ring, minmay_crystal_room, uniq_grinder, uniq_natasha,
          uniq_robin

Skill      XL: |  1  2  3 |
---------------+----------+-----
Summonings     | 5 |  5.7
Spellcasting   | 3 |  3.3
Armour         | 1 |  1.6
Dodging        | |  2.1
Stealth        | |  1.7

Action                   |  1- 3 |  4- 6 || total
-------------------------+-------+-------++-------
Melee: Unarmed           |    14 |       ||    14
       Mace              |    48 |     2 ||    50
       Punch             |     1 |       ||     1
 Fire: Hunting sling     |    13 |       ||    13
 Cast: Summon Small Mamm |    29 |     4 ||    33
       Call Imp          |     4 |     3 ||     7
  Use: Potion            |       |     1 ||     1
 Stab: Sleeping          |     1 |       ||     1
Armor: Robe              |    17 |       ||    17
       Ring mail         |    10 |     2 ||    12
Dodge: Dodged            |    52 |     1 ||    53
